 Dungeon Sprint DCSS version 0.27-a0-1196-g3e9cee4cb2 (webtiles) character file.

Game seed: 10956037152687587697

95 night the Sneak (level 4, -16/27 HPs)
             Began as an Octopode Venom Mage on May 29, 2021.
             Killed from afar by a deep elf pyromancer (43 damage)
             ... with a bolt of fire
             ... in the Dungeon (Sprint III: "The Ten Rune Challenge").
             The game lasted 00:02:56 (841 turns).

night the Sneak (Octopode Venom Mage)                Turns: 841, Time: 00:02:57

Health: -16/27     AC:  3    Str:  8    XL:     4   Next: 65%
Magic:  11/11      EV: 13    Int: 17    God:
Gold:   39         SH:  0    Dex: 12    Spells: 0/13 levels left

rFire    . . .     SeeInvis .   (no weapon)
rCold    . . .     Faith    .   (no shield)
rNeg     . . .     Spirit   .   (helmet restricted)
rPois    .         Reflect  .   (no amulet)
rElec    .         Harm     .   (no ring)
rCorr    .         Rampage  .   (no ring)
Will     .....     NoTele   +   (no ring)
Stlth    ++++......             (no ring)
HPRegen  1.09/turn              (no ring)
MPRegen  0.12/turn              (no ring)
                                (no ring)
                                (no ring)

@: no status effects
A: almost no armour, amphibious, 8 rings, camouflage 1, gelatinous body 1,
(nimble swimmer 1), tentacles, iridescent scales 1, regeneration 1, MP-powered
wands
a: no special abilities


You were in the Dungeon.
You visited 1 branch You collected 39 gold pieces.

Inventory:

Scrolls
 a - 2 scrolls of immolation {unknown}
 g - a scroll of blinking
 h - 3 scrolls of identify
Potions
 b - a potion of curing
 c - 2 potions of heal wounds
 d - a potion of haste
 e - 2 potions of magic
 f - a potion of berserk rage
 i - 2 potions of flight
 j - 5 potions of mutation


   Skills:
 - Level 2.0 Dodging
 + Level 7.6 Stealth
 + Level 5.0 Spellcasting
 - Level 1.0 Transmutations
 + Level 7.1 Poison Magic


You couldn't memorise any spells.
You knew the following spells:

 Your Spells              Type           Power      Damage    Failure   Level
a - Sting                 Tmut/Pois      72%        1d6       2%          1
b - Poisonous Vapours     Pois/Air       32%        N/A       4%          2
c - Ignite Poison         Fire/Tmut/Pois 13%        N/A       14%         3
d - Olgreb's Toxic Radia  Pois           28%        N/A       8%          4
e - Mephitic Cloud        Conj/Pois/Air  12%        N/A       16%         3

Your spell library contained the following spells:

 Spells                   Type           Power      Damage    Failure   Level


Dungeon Overview and Level Annotations

Branches:
Dungeon (1/1)

Altars:
Elyvilon
Zin
The Shining One


Innate Abilities, Weirdness & Mutations

You cannot wear most types of armour.
You are amphibious.
You can wear up to eight rings at the same time.
Your skin changes colour to match your surroundings (Stealth+).
Your rubbery body absorbs attacks. (AC +1, EV +1)
((You are camouflaged near water. (Stealth+)))
You have tentacles for arms and can constrict up to eight enemies at once.
You are partially covered in iridescent scales. (AC +2)
Your natural rate of healing is unusually fast.
You expend magic power (3 MP) to strengthen your wands.


Message History

The water elemental is severely damaged.
The water elemental is engulfed in blazing flames.
You destroy the water elemental!
The water engulfing you falls away.
Your Stealth skill gained 2 levels and is now at level 7!
Your Spellcasting skill gained 2 levels and is now at level 5!
Your Poison Magic skill gained 2 levels and is now at level 7!
You have reached level 4!
You close the door.
You start resting.
HP restored.
You start resting.
Magic restored.
This spell is extremely dangerous to cast!
Memorise Olgreb's Toxic Radiance, consuming 4 spell levels and leaving 2? [Y]es or [N]o only, please.
Memorise Olgreb's Toxic Radiance, consuming 4 spell levels and leaving 2?
You start memorising the spell.
You continue memorising. x4
You finish memorising.
Spell assigned to 'd'.
Memorise Poisonous Vapours, consuming 2 spell levels and leaving 0?
You start memorising the spell.
You continue memorising. x2
You finish memorising.
Spell assigned to 'e'.
Adjust (i)tems, (s)pells, or (a)bilities?
Adjust which spell? b - Mephitic Cloud Adjust to which letter? e - Mephitic Cloud; b - Poisonous Vapours You open the door.
There is an open door to the Ecumenical Temple here.
As you open the door, it creaks loudly!
Found three altars.
A deep elf pyromancer comes into view.
It is wielding a +0 long sword of holy wrath.
There is an open door here.
You miss the deep elf pyromancer.
The deep elf pyromancer shouts!
You grab the deep elf pyromancer. You constrict the deep elf pyromancer.
The deep elf pyromancer points at you and mumbles some strange words.
The bolt of fire hits you!!!
Ouch! That really hurt!
You die...

▓▓▓▓ ▓▓▓ ...####
##.#####
......#####..#___#
.......#..#..#.e.#
#.##...#..#..###@#+###+#
#.###..##'#..#..........
##.##..###...'.⌠........
÷.##..####...#...######+
..##..###....#.⌠.#
.##÷..##.....#...#
##....#......#+###
##..##.#.....#
#..#####....#


You could see a deep elf pyromancer.

Vanquished Creatures
  A water elemental (D)
  A human (D)
  A wolf (D)
  4 rats (D)
7 creatures vanquished.

Vanquished Creatures (others)
  3 plants (D)
3 creatures vanquished.

Grand Total: 10 creatures vanquished

Notes
Turn   | Place    | Note
-------+----------+-------------------------------------------
     0 | D        | night the Octopode Venom Mage began the quest for the Orb.
     0 | D        | Reached XP level 1. HP: 11/11 MP: 3/3
   113 | D        | Noticed a wolf
   130 | D        | HP: 1/11 [wolf (10)]
   132 | D        | Killed a wolf
   133 | D        | Reached skill level 5 in Poison Magic
   133 | D        | Reached XP level 2. HP: 3/17 MP: 3/6
   440 | D        | Reached skill level 5 in Stealth
   440 | D        | Reached XP level 3. HP: 4/21 MP: 5/8
   684 | D        | Learned a level 3 spell: Mephitic Cloud
   688 | D        | Learned a level 3 spell: Ignite Poison
   696 | D        | Noticed a water elemental
   715 | D        | Gained mutation: Your natural rate of healing is unusually
                  | fast. [potion of mutation]
   715 | D        | Gained mutation: You expend magic power (3 MP) to
                  | strengthen your wands. [potion of mutation]
   715 | D        | Gained mutation: You are partially covered in iridescent
                  | scales. (AC +2) [potion of mutation]
   752 | D        | Killed a water elemental
   753 | D        | Reached skill level 5 in Spellcasting
   753 | D        | Reached XP level 4. HP: 10/27 MP: 2/11
   830 | D        | Learned a level 4 spell: Olgreb's Toxic Radiance
   833 | D        | Learned a level 2 spell: Poisonous Vapours
   839 | D        | Found a glowing silver altar of Zin.
   839 | D        | Found a glowing golden altar of the Shining One.
   839 | D        | Found a white marble altar of Elyvilon.
   840 | D        | Noticed a deep elf pyromancer
   841 | D        | Killed from afar by a deep elf pyromancer

Illustrated notes

Levels and vault maps discovered:
D:        dungeon_sprint_mu [sprint_mu_entry_cave, sprint_mu_temple_rooms,
          sprint_mu_d1_spiders, sprint_mu_d2_genie, sprint_mu_d3_branching,
          sprint_mu_orc_legion, sprint_mu_elf_gauntlet, sprint_mu_hive_nellie,
          sprint_mu_lair_fedhas, sprint_mu_vaults_butterflies,
          sprint_mu_slime_circle, sprint_mu_swamp_cave, sprint_mu_shoals_archi,
          sprint_mu_blade_basic, sprint_mu_crypt_lich, sprint_mu_tomb_spiral,
          sprint_mu_vestibule_basic, sprint_mu_gehenna_hellfire,
          sprint_mu_dis_giant, sprint_mu_tartarus_statrot,
          sprint_mu_cocytus_islands, sprint_mu_zot1]

Skill      XL: |  1  2  3 |
---------------+----------+-----
Stealth        | 4 5 7 |  7.6
Poison Magic   | 5 7 |  7.1
Spellcasting   | 3 5 |  5.0
Dodging        | |  2.0
Transmutations | |  1.0

Action                   |  1- 3 |  4- 6 || total
-------------------------+-------+-------++-------
Melee: Unarmed           |    20 |     1 ||    21
       Constrict         |     5 |     1 ||     6
 Cast: Sting             |     4 |       ||     4
       Mephitic Cloud    |     1 |       ||     1
       Ignite Poison     |     1 |       ||     1
  Use: Potion            |     1 |       ||     1
 Stab: Sleeping          |     4 |       ||     4
Armor: Skin              |     1 |       ||     1
Dodge: Dodged            |    10 |       ||    10

Table legend: (Time is in decaauts)
 A = Elapsed time spent in this place.
 B = Non-inter-level travel time spent in this place.
 C = Inter-level travel time spent in this place.
 D = Time resting spent in this place.
 E = Time spent auto-exploring this place.
 F = Levels seen in this place.
 G = Mean time per level.
                   A        B        C        D        E       F      G
               +--------+--------+--------+--------+--------+-----+--------+
         Total |    841 |    841 |      0 |    652 |     75 |   1 |  841.0 |
       Dungeon |    841 |    841 |      0 |    652 |     75 |   1 |  841.0 |
               +--------+--------+--------+--------+--------+-----+--------+

Top non-repeatable levels by time:
       D: 841 daAuts
